AoeStats
← Tutifruti1647

Arabia

510540528Analyzed
1v1 RM · 1d ago on Oct 1, 2026· 18m 22s· 2 players
Game mode
Random Map
Map size
Tiny (2 player)
Population
200
Speed
Normal
Resources
Standard
Victory
Conquest
Starting age
Dark Age
Ending age
Imperial Age
RankedLock teamsTeams togetherTeam positionsShared explorationLock speedFull tech treeHidden civsTurbo modeCheats
Victory
Defeat
🇧🇷 Georgians · Brazil
1421
+17
🇦🇷 Wei · Argentina
1445
-17
Otávio MNG
6:00 Loom
6:04 Loom
9:19 Feudal Age
9:54 Double-Bit Axe
9:57 Horse Collar
Tutifruti1647
6:02 Loom
9:05 Feudal Age
10:16 Double-Bit Axe
10:26 Horse Collar
Connection lost

Rejoining the realm…

Still unreachable

The connection could not be restored.

Session expired

The server has moved on; the page needs a fresh start.